 Dungeon Crawl Stone Soup version 0.27-a0-1301-g128193abf8 (webtiles) character file.

Game seed: 14657510053621408939

83 OTErs the Chucker (level 4, -1/45 HPs)
             Began as an Ogre Hunter on June 17, 2021.
             Slain by Sigmund (9 damage)
             ... on level 3 of the Dungeon.
             The game lasted 00:11:06 (3059 turns).

OTErs the Chucker (Ogre Hunter)                     Turns: 3059, Time: 00:11:07

Health: -1/45      AC:  3    Str: 17    XL:     4   Next: 44%
Magic:  4/4        EV: 10    Int: 12    God:
Gold:   51         SH:  0    Dex:  9    Spells: 3/3 levels left

rFire    . . .     SeeInvis .   f - +0 trident
rCold    . . .     Faith    .   (no shield)
rNeg     . . .     Spirit   .   b - +0 robe
rPois    +         Reflect  .   (helmet restricted)
rElec    .         Harm     .   (no cloak)
rCorr    .         Rampage  .   (gloves unavailable)
Will     .....                  (boots unavailable)
Stlth    +.........             (no amulet)
HPRegen  0.15/turn              e - ring of poison resistance
MPRegen  0.09/turn              (no ring)

@: confused
A: large, unfitting armour, tough skin 1
a: no special abilities


You were on level 3 of the Dungeon.
You visited 1 branch of the dungeon, and saw 3 of its levels.

You collected 51 gold pieces.

Inventory:

Hand Weapons
 f - a +0 trident (weapon)
Armour
 b - a +0 robe (worn)
Jewellery
 e - a ring of poison resistance (left hand)
Scrolls
 i - a scroll of noise
Potions
 a - a potion of degeneration {unknown}
 h - 2 potions of heal wounds


   Skills:
 + Level 3.3 Fighting
 + Level 1.8 Short Blades
 + Level 0.3 Polearms
 + Level 4.5 Throwing
 + Level 2.2 Dodging
 + Level 1.0 Stealth


You had 3 spell levels left.
You didn't know any spells.
Your spell library contained the following spells:

 Spells                   Type           Power      Damage    Failure   Level
 Beastly Appendage        Tmut           0%         N/A       32%         1
 Wereblood                Tmut           0%         N/A       45%         2
 Spider Form              Tmut/Pois      0%         N/A       69%         3
 Ice Form                 Ice/Tmut       0%         N/A       97%         4


Dungeon Overview and Level Annotations

Branches:
Dungeon (3/15)

Altars:

Annotations:
D:3 Sigmund


Innate Abilities, Weirdness & Mutations

You are too large for most types of armour.
You have tough skin. (AC +1)


Message History

Press: ? - help, Q - select action, (/) - cycle Shift-Dir - straight line, f/p - Sigmund
Aim: Sigmund, wielding a +0 scythe and wearing a +0 robe (heavily wounded, 53% to hit)
You throw a large rock. The large rock closely misses Sigmund.
Sigmund points at you and mumbles some strange words.
You resist with some effort.
You reach to attack!
You closely miss Sigmund.
Sigmund is heavily wounded.
Sigmund points at you and mumbles some strange words.
The magic dart hits you! Sigmund barely misses you.
You reach to attack!
You barely miss Sigmund.
Sigmund is heavily wounded.
Sigmund hits you from afar with a +0 scythe!
You are too injured to fight recklessly!
You are too injured to fight recklessly!
Throw: 2 throwing nets
Press: ? - help, Q - select action Shift-Dir - straight line, f/p - Sigmund
Aim: Sigmund, wielding a +0 scythe and wearing a +0 robe (heavily wounded, 53% to hit)
You throw a throwing net.
The throwing net closely misses Sigmund.
Sigmund gestures at you while chanting. The puff of flame hits you!
* * * LOW HITPOINT WARNING * * *
Throw: throwing net
Press: ? - help, Q - select action Shift-Dir - straight line, f/p - Sigmund
Aim: Sigmund, wielding a +0 scythe and wearing a +0 robe (moderately wounded, 53% to hit)
You throw a throwing net. The throwing net barely misses Sigmund.
Sigmund points at you and mumbles some strange words.
You are confused.
You are too injured to fight recklessly!
You are too injured to fight recklessly!
You are too injured to fight recklessly!
You are too injured to fight recklessly!
Sigmund hits you from afar with a +0 scythe.
* * * LOW HITPOINT WARNING * * *
In your confused state, you trip and fall back down the stairs.
* * * LOW HITPOINT WARNING * * *
Sigmund closely misses you.
Unknown command.
Sigmund hits you from afar with a +0 scythe!
You die...

#(......#
#?.(...(#
#.......
##......#
#.....>.+
#.....@.###
#.........#
#....@....#
#.........#
#......#..#
##...... .#
#...##.. #
#... ...
#... ..##
#### ...


You could see Sigmund.

Vanquished Creatures
  3 adders (D:2)
  A worm (D:2)
  A dart slug (D:2)
  An orc (D:2)
  6 ball pythons
  2 bats
  7 endoplasms
  4 giant cockroaches
  3 goblins
  5 hobgoblins
  2 quokkas (D:1)
  5 frilled lizards (D:1)
  9 rats
49 creatures vanquished.

Notes
Turn   | Place    | Note
-------+----------+-------------------------------------------
     0 | D:1      | OTErs the Ogre Hunter began the quest for the Orb.
     0 | D:1      | Reached XP level 1. HP: 22/22 MP: 1/1
    98 | D:1      | Reached XP level 2. HP: 23/29 MP: 2/2
   351 | D:1      | Found a faded altar of an unknown god.
   742 | D:1      | Reached skill level 1 in Short Blades
   907 | D:1      | Reached XP level 3. HP: 23/37 MP: 3/3
  2317 | D:2      | HP: 1/37 [adder (4)]
  2320 | D:2      | Reached skill level 1 in Stealth
  2320 | D:2      | Reached XP level 4. HP: 1/45 MP: 4/4
  2986 | D:2      | Upgraded the game from 0.27-a0-1299-g1ab19c6527 to
                  | 0.27-a0-1301-g128193abf8
  3031 | D:3      | Noticed Sigmund
  3059 | D:3      | Slain by Sigmund

Illustrated notes

Levels and vault maps discovered:
D:1:      psy_arrival_spokes, layout_basic, hellmonk_ecumenical_altar_blasted,
          serial_forest, infiniplex_forest_corner_1, infiniplex_forest_end_2,
          infiniplex_forest_end_2, infiniplex_forest_corner_2,
          infiniplex_forest_clump_long, infiniplex_forest_lined_corner,
          infiniplex_forest_end_double, st_stairs_8
D:2:      layout_loops_ring, kennysheep_cross_room, minmay_misc_feat_five,
          grunt_ministairs_9
D:3:      layout_basic, uniq_sigmund, uniq_crazy_yiuf_cottage

Skill      XL: |  1  2  3 |
---------------+----------+-----
Short Blades   | 1 |  1.8
Fighting       | 3 |  3.3
Dodging        | 2 |  2.2
Stealth        | 1 |  1.0
Polearms       | |  0.3
Throwing       | |  4.5

Action                   |  1- 3 |  4- 6 || total
-------------------------+-------+-------++-------
Melee: Short sword       |   140 |       ||   140
       Trident           |    27 |    48 ||    75
Throw: Large rock        |    11 |     4 ||    15
       Throwing net      |       |     2 ||     2
  Use: Scroll            |     4 |       ||     4
 Stab: Sleeping          |     3 |     1 ||     4
Armor: Robe              |    45 |    17 ||    62
Dodge: Dodged            |    91 |    35 ||   126

Table legend: (Time is in decaauts)
 A = Elapsed time spent in this place.
 B = Non-inter-level travel time spent in this place.
 C = Inter-level travel time spent in this place.
 D = Time resting spent in this place.
 E = Time spent auto-exploring this place.
 F = Levels seen in this place.
 G = Mean time per level.
                   A        B        C        D        E       F      G
               +--------+--------+--------+--------+--------+-----+--------+
         Total |   3101 |   3029 |     72 |      0 |   2584 |   3 | 1033.7 |
       Dungeon |   3101 |   3029 |     72 |      0 |   2584 |   3 | 1033.7 |
               +--------+--------+--------+--------+--------+-----+--------+

Top non-repeatable levels by time:
     D:2: 1620 daAuts
     D:1: 1464 daAuts
     D:3: 16 daAuts
